 Dungeon Crawl Stone Soup version 0.27.0-1-g7a089689b8 (webtiles) character file.

Game seed: 8608539672797802193

1826 x13thangelx the Slasher (level 8, -3/55 HPs)
             Began as a Demonspawn Chaos Knight on Aug 2, 2021.
             Was a Plaything of Xom.
             Slain by an orc warrior (8 damage)
             ... on level 8 of the Dungeon.
             The game lasted 00:21:28 (4430 turns).

x13thangelx the Slasher (Demonspawn Chaos Knight)   Turns: 4430, Time: 00:21:29

Health: -3/55      AC:  7    Str: 16    XL:     8   Next: 86%
Magic:  8/8        EV: 13    Int: 15    God:    Xom [.....*]
Gold:   214        SH:  0    Dex: 12    Spells: 7/7 levels left

rFire    . . .     SeeInvis .   a - +3 falchion (chaos)
rCold    . . .     Faith    .   (no shield)
rNeg     . . .     Spirit   .   b - +2 leather armour
rPois    .         Reflect  .   (helmet restricted)
rElec    .         Harm     .   (no cloak)
rCorr    +         Rampage  .   (no gloves)
Will     .....                  (no boots)
Stlth    ++........             c - amulet of regeneration
HPRegen  1.18/turn              g - ring of resist corrosion
MPRegen  0.11/turn              (no ring)

@: no status effects
A: horns 1, yellow scales 1, ignite blood 1, spiny 1, clever 1, frail 1
a: Renounce Religion


You were on level 8 of the Dungeon.
You worshipped Xom.
You were Xom's teddy bear.
You visited 1 branch of the dungeon, and saw 6 of its levels.

You collected 214 gold pieces.

Inventory:

Hand Weapons
 a - a +3 falchion of chaos (weapon)
 d - a +0 triple sword
 h - a +0 shortbow
Missiles
 f - 128 stones (quivered)
 i - 19 arrows
 n - 8 silver boomerangs
Armour
 b - a +2 leather armour (worn)
Jewellery
 c - an amulet of regeneration (around neck)
 e - a ring of wizardry
 g - a ring of resist corrosion (left hand)
Wands
 j - a wand of flame (17)
Scrolls
 k - 2 scrolls of teleportation
 l - a scroll of fog
 m - a scroll of identify
 o - a scroll of amnesia


   Skills:
 + Level 5.0 Fighting
 + Level 7.4 Long Blades
 + Level 4.6 Armour
 + Level 4.6 Dodging
 + Level 2.8 Stealth


You had 7 spell levels left.
You didn't know any spells.
Your spell library contained the following spells:

 Spells                   Type           Power      Damage    Failure   Level
 Freeze                   Ice            0%         1d3       32%         1
 Magic Dart               Conj           0%         1d3       32%         1
 Sandblast                Erth           0%         2d4       32%         1
 Call Imp                 Summ           0%         N/A       43%         2
 Corpse Rot               Necr/Air       N/A        N/A       43%         2
 Passwall                 Tmut/Erth      0%         N/A       43%         2
 Poisonous Vapours        Pois/Air       0%         N/A       43%         2
 Conjure Flame            Conj/Fire      0%         6-21      67%         3
 Frozen Ramparts          Ice            0%         1d2       67%         3
 Gell's Gravitas          Tloc           0%         N/A       67%         3
 Ignite Poison            Fire/Tmut/Pois 0%         N/A       67%         3
 Lesser Beckoning         Tloc           0%         N/A       67%         3
 Mephitic Cloud           Conj/Pois/Air  0%         N/A       67%         3
 Stone Arrow              Conj/Erth      0%         3d7       67%         3
 Teleport Other           Tloc           0%         N/A       67%         3
 Animate Armour           Summ/Erth      0%         N/A       97%         4
 Hailstorm                Conj/Ice       0%         3d3       97%         4
 Sticky Flame             Conj/Fire      0%         2d3       97%         4
 Summon Lightning Spire   Summ/Air       0%         N/A       97%         4
 Freezing Cloud           Conj/Ice/Air   0%         6-21      100%        5
 Lee's Rapid Deconstruct  Erth           0%         3d5*      100%        5
 Storm Form               Tmut/Air       0%         N/A       100%        7
 Lehudib's Crystal Spear  Conj/Erth      0%         10d2      100%        8
 Maxwell's Capacitive Co  Air            0%         ∞         100%        8


Dungeon Overview and Level Annotations

Branches:
Dungeon (8/15)             Temple (0/1) D:7
   Lair: D:8-11

Altars:
Hepliaklqana
Makhleb
Xom


Innate Abilities, Weirdness & Mutations

You have a pair of small horns on your head.
You are partially covered in yellow scales. (AC +2)
Your demonic aura sometimes causes spilled blood to erupt in flames.
You are partially covered in sharp spines.
Your mind is acute. (Int +2)
You are frail. (-10% HP)


Message History

The orc wizard hits you but does no damage.
Items here: $ )))) [[ †††††.
You slash the orc wizard!
The orc wizard seems to speed up.
The orc wizard is severely wounded.
The orc wizard is engulfed in blazing flames.
You kill the orc wizard!
Unknown command.
The orc wizard gestures at you while chanting.
The magic dart hits you.
Things that are here:
a +0 dagger; a +0 robe An orc wizard comes into view.
It is wielding a +0 dagger.
The orc wizard is struck by your spines.
The orc wizard hits you but does no damage.
You are electrocuted!
A shower of butterflies erupts from you!
An orc warrior comes into view. It is wielding a +0 flail.
You swap places.
The orc wizard closely misses you.
The orc wizard gestures wildly while chanting.
The orc wizard flickers and vanishes!
Deactivating autopickup; reactivate with Ctrl-A.
The orc wizard is struck by your spines.
The orc wizard hits you with a +1 dagger of electrocution.
You are electrocuted!
* * * LOW HITPOINT WARNING * * *
A shower of butterflies erupts from you!
Found a stone staircase leading down.
The orc wizard hits you with a +1 dagger of electrocution.
* * * LOW HITPOINT WARNING * * *
You slash the orc wizard!
You kill the orc wizard!
You aren't carrying any potions.
Okay, then.
The orc warrior hits you with a +0 flail!
* * * LOW HITPOINT WARNING * * *
The orc warrior is engulfed in blazing flames.
The orc warrior is struck by your spines.
The orc warrior hits you with a +0 flail!
You die...
Xom is highly amused!

#.######.....# .........##
..## ###.##...##.....#
...## ##...##.####)....##
....###..#...<..#.......#
>...........###.#.......#
......#.##### .........#
..†)..#.# #......##
....##..# #######o{..b..##
.....#.####..)))@...b.....
.....#.##...#####..bb.....
.......##.### ##........
..........#### ##..b..b.
.....###.....# .......
#...## ##.##....# ..b....
..### #.# ##.. >...... ##
#.# ....... # #.#


You could see an orc warrior.

Vanquished Creatures
  Prince Ribbit (D:7)
  2 hornets
  An orc warrior (D:7)
  A centaur (D:7)
  A bullfrog (D:7)
  9 killer bees (D:8)
  A howler monkey (D:8)
  A centaur zombie (D:8)
  3 orc priests
  An iguana (D:7)
  3 orc wizards (D:8)
  A killer bee zombie (D:4)
  2 howler monkey zombies (D:8)
  4 gnolls (D:7)
  5 adders
  An ufetubus (D:4)
  A worm (D:2)
  2 dart slugs
  14 orcs
  7 endoplasms
  2 giant cockroaches (D:1)
  6 goblins
  6 hobgoblins
  13 jackals
  5 kobolds
  A quokka (D:4)
  5 ball pythons
  8 bats
  4 frilled lizards
  7 rats
118 creatures vanquished.

Vanquished Creatures (collateral kills)
  A hornet (D:7)
  Menkaure (D:7)
  A necrophage (D:7)
  A hound (D:7)
  An orc priest (D:7)
  An orc wizard (D:7)
  An adder (D:7)
  4 orcs (D:7)
11 creatures vanquished.

Vanquished Creatures (others)
  3 fungi (D:7)
3 creatures vanquished.

Grand Total: 132 creatures vanquished

Notes
Turn   | Place    | Note
-------+----------+-------------------------------------------
     0 | D:1      | x13thangelx the Demonspawn Chaos Knight began the quest for
                  | the Orb.
     0 | D:1      | Reached XP level 1. HP: 18/18 MP: 1/1
    18 | D:1      | XOM: silly message
    19 | D:1      | XOM: silly message
    35 | D:1      | XOM: divination: detect creatures
    57 | D:1      | Reached skill level 1 in Dodging
    60 | D:1      | Reached skill level 3 in Long Blades
    99 | D:1      | Gained mutation: You are partially covered in yellow
                  | scales. (AC +2) [demonic ancestry]
    99 | D:1      | Reached XP level 2. HP: 24/24 MP: 2/2
   121 | D:1      | Gained mutation: Your mind is acute. (Int +2) [potion of
                  | mutation]
   471 | D:1      | XOM: stat loss: -1 Dex (11/12)
   790 | D:1      | Found a faded altar of an unknown god.
   902 | D:2      | Reached XP level 3. HP: 29/29 MP: 3/3
  1105 | D:2      | XOM: scenery: create altars
  1162 | D:2      | XOM: god gift: 23 stones
  1376 | D:2      | XOM: scenery: create altars
  1517 | D:2      | XOM is BORED!
  1517 | D:2      | XOM: give mutations
  1517 | D:2      | Gained mutation: You are clumsy. (Dex -2) [Xom's mischief]
  1517 | D:2      | Gained mutation: You are frail. (-10% HP) [Xom's mischief]
  1517 | D:2      | Lost mutation: You are clumsy. (Dex -2) [Xom's mischief]
  1763 | D:3      | XOM: torment (5/26 hp)
  1864 | D:3      | XOM: noise
  1913 | D:3      | XOM: 1-stop teleportation journey
  1915 | D:3      | XOM: cloud trail
  2218 | D:3      | Found a hazy altar of Hepliaklqana.
  2264 | D:3      | Gained mutation: You have a pair of small horns on your
                  | head. [demonic ancestry]
  2264 | D:3      | Reached XP level 4. HP: 24/31 MP: 4/4
  2296 | D:3      | XOM: silly message
  2335 | D:3      | XOM: divination: detect items
  2343 | D:3      | XOM: silly message
  2398 | D:3      | XOM: 4-stop teleportation journey
  2411 | D:3      | Reached skill level 4 in Long Blades
  2416 | D:3      | Reached XP level 5. HP: 7/37 MP: 5/5
  2944 | D:4      | XOM: god gift: 23 stones
  3163 | D:4      | XOM: scenery: 1 doors close
  3168 | D:4      | XOM: 3-stop teleportation journey
  3539 | D:4      | You fall into a shaft and drop 3 floors!
  3602 | D:7      | XOM: enchant monster (good)
  3605 | D:7      | Gained mutation: Your demonic aura sometimes causes spilled
                  | blood to erupt in flames. [demonic ancestry]
  3605 | D:7      | Reached XP level 6. HP: 43/43 MP: 6/6
  3618 | D:7      | XOM: cleaving
  3628 | D:7      | XOM: confuse monster(s)
  3631 | D:7      | XOM: cast spell 'Chain of Chaos'
  3633 | D:7      | XOM: fog
  3642 | D:7      | Reached skill level 5 in Long Blades
  3642 | D:7      | Reached skill level 1 in Stealth
  3663 | D:7      | Noticed an orc warrior
  3671 | D:7      | Noticed Menkaure
  3679 | D:7      | Killed an orc warrior
  3681 | D:7      | Killed Menkaure
  3682 | D:7      | Reached XP level 7. HP: 12/48 MP: 7/7
  3725 | D:7      | Noticed a hornet
  3728 | D:7      | Killed a hornet
  3754 | D:7      | Noticed a hornet
  3756 | D:7      | Found a staircase to the Ecumenical Temple.
  3758 | D:7      | Killed a hornet
  3759 | D:7      | Reached skill level 6 in Long Blades
  3799 | D:7      | Noticed Prince Ribbit
  3804 | D:7      | Killed Prince Ribbit
  3866 | D:7      | Found a burning altar of Makhleb.
  3961 | D:7      | XOM: summons friendly rust devil
  3962 | D:7      | Gained mutation: You are partially covered in sharp spines.
                  | [demonic ancestry]
  3962 | D:7      | Reached XP level 8. HP: 54/54 MP: 8/8
  4139 | D:7      | XOM: smoke on damage
  4263 | D:8      | Noticed a hornet
  4264 | D:8      | XOM: 5-stop teleportation journey
  4273 | D:8      | XOM: god gift: 8 silver boomerangs
  4275 | D:8      | Killed a hornet
  4318 | D:8      | Reached skill level 7 in Long Blades
  4413 | D:8      | Reached skill level 5 in Fighting
  4423 | D:8      | XOM: butterfly on damage
  4425 | D:8      | XOM: butterfly on damage
  4430 | D:8      | Slain by an orc warrior

Illustrated notes

Levels and vault maps discovered:
D:1:      dpeg_arrival_rhombus, layout_loops_ring,
          ebering_ecumenical_altar_hall, kennysheep_small_spiral
D:2:      layout_loops_ring, minmay_misc_feat_ornament
D:3:      layout_rooms, overflow_temple_1_default, grunt_decor_resistance
D:4:      layout_loops_ring, grunt_ministairs_2, kennysheep_minor_cross
D:7:      old_forge, layout_rooms, makhleb_blood_cavern_becter,
          minmay_temple_entry_junction_2, uniq_menkaure, uniq_prince_ribbit1
D:8:      layout_rooms, nemelex_altar_shiori, minmay_fountain_box

Skill      XL: |  1  2  3  4  5  6  7  8 |
---------------+-------------------------+-----
Dodging        | 1 2 3 4 |  4.6
Long Blades    | 3 4 5 6 7 |  7.4
Armour         | 2 3 4 |  4.6
Stealth        | 1 2 |  2.8
Fighting       | 4 5 |  5.0

Action                   |  1- 3 |  4- 6 |  7- 9 || total
-------------------------+-------+-------+-------++-------
Melee: Falchion          |   102 |    74 |    81 ||   257
       Headbutt          |       |    20 |    18 ||    38
  Use: Scroll            |     3 |     5 |       ||     8
       Potion            |     1 |     5 |       ||     6
 Stab: Sleeping          |     1 |       |       ||     1
Armor: Leather armour    |    53 |    32 |    36 ||   121
Dodge: Dodged            |    65 |    64 |    71 ||   200
       Rpst.: Falchion   |    22 |    23 |    21 ||    66
